Map: Ascension to Aiur LE

Players

iaguz - Winner!

  • Race: Terran Terran
  • Spawn Location: 11:00

Stephano

  • Race: Zerg Zerg
  • Spawn Location: 5:00

Event: WCS Valencia 2017

VOD

Have the link to the VOD?

Description

Time

  • Played on: July 13, 2017, 12:57 p.m.
  • Length: 13:18

All games in this series

Show
View Real Time Build Order
Export as new Build Order

iaguz Terran - Winner!

Build Orders: Reaper Expand, Bio Tank, Hellion Banshee 

Get SALT Encoding   

  12  0:00  SCV  
  13  0:13  SCV  
  14  0:17  Supply Depot  
  14  0:25  SCV  
  15  0:29  Refinery  
  15  0:39  SCV  
  16  0:45  Barracks  
  16  0:51  SCV  
  17  1:03  SCV  
  18  1:15  SCV  
  19  1:32  Orbital Command, Reaper  
  20  1:42  Command Center  
  20  1:54  Factory  
  20  1:57  SCV  
  21  2:06  Refinery  
  21  2:07  Barracks Reactor  
  21  2:10  SCV  
  21  2:13  Supply Depot  
  22  2:22  SCV  
  23  2:35  SCV  
  24  2:43  Starport  
  24  2:49  SCV  
  25  2:52  Barracks Tech Lab  
  25  2:57  Hellion x2  
  30  2:59  Orbital Command  
  30  3:02  SCV  
  30  3:14  SCV  
  31  3:21  Hellion x2  
  31  3:25  SCV  
  31  3:26  SCV  
  37  3:29  Cloaking Field  
  37  3:31  Supply Depot  
  37  3:40  SCV x2  
  39  3:43  Viking  
  41  3:52  Hellion x2, SCV x2  
  47  3:57  Supply Depot  
  47  4:04  Barracks Tech Lab, SCV  
  47  4:05  SCV  
  49  4:16  Command Center  
  49  4:19  SCV  
  49  4:21  Supply Depot  
  49  4:24  Marine  
  50  4:25  Banshee  
  50  4:27  SCV  
  55  4:31  SCV  
  54  4:39  SCV  
  54  4:41  Stimpack  
  54  4:42  Marine  
  56  4:46  SCV  
  56  4:51  Factory Reactor  
  56  4:52  SCV  
  58  4:54  Barracks x2  
  58  4:58  SCV  
  59  5:04  SCV, Engineering Bay  
  59  5:05  Engineering Bay  
  60  5:10  SCV  
  60  5:11  Banshee  
  64  5:16  SCV  
  64  5:17  Marine  
  66  5:24  SCV, Barracks  
  66  5:25  Supply Depot  
  66  5:26  Barracks  
  66  5:28  SCV, Refinery  
  68  5:37  SCV x2  
  68  5:41  Marine  
  68  5:42  Marine x2  
  71  5:44  Factory Reactor  
  71  5:48  Refinery  
  71  5:49  Terran Infantry Armor Level 1, Terran Infantry Weapons Level 1  
  73  5:50  Orbital Command  
  73  5:51  SCV  
  73  5:53  SCV  
  75  6:00  Marine x4  
  75  6:04  SCV  
  80  6:06  Marine  
  80  6:07  SCV  
  80  6:11  Starport Reactor, Supply Depot  
  82  6:14  Orbital Command  
  82  6:16  Barracks Reactor, SCV  
  83  6:19  SCV  
  83  6:23  Marine x3  
  87  6:28  SCV  
  87  6:31  SCV  
  89  6:35  Marine x2, Supply Depot  
  89  6:36  Siege Tank, Supply Depot  
  89  6:39  SCV  
  95  6:40  SCV  
  95  6:43  SCV, Supply Depot  
  95  6:45  Supply Depot  
  97  6:47  Armory  
  97  6:48  Marine  
  97  6:51  SCV  
  97  6:52  SCV  
  100  6:54  Marine  
  100  6:57  Marine x3, Medivac x2, SCV  
  100  6:58  Marine  
  110  7:01  Supply Depot  
  110  7:04  Supply Depot  
  110  7:06  Marine x3  
  110  7:08  Supply Depot  
  113  7:10  Marine  
  113  7:12  Marine  
  113  7:15  Marine  
  116  7:16  SCV x3  
  117  7:26  Supply Depot  
  117  7:27  Supply Depot  
  117  7:28  SCV x2  
  117  7:29  SCV, Refinery, Factory  
  120  7:31  Combat Shields  
  120  7:32  Marine  
  120  7:33  Marine x4  
  125  7:38  Marine x3  
  125  7:42  Siege Tank  
  131  7:44  Refinery  
  131  7:48  Terran Infantry Armor Level 2, Terran Infantry Weapons Level 2  
  131  7:55  Marine x3  
  131  7:56  Marauder, Marine x2  
  138  8:02  Marine x3  
  138  8:03  Medivac  
  143  8:11  Barracks  
  143  8:17  Marauder  
  142  8:22  Marine x4  
  142  8:23  Marine x2  
  142  8:27  Marine x2  
  126  8:31  Factory Tech Lab  
  128  8:36  Barracks  
  128  8:40  SCV  
  131  8:41  Marine x4  
  131  8:43  Siege Tank, Marine x2  
  131  8:44  Medivac x2  
  131  8:46  Command Center  
  142  8:53  Marine x2  
  142  8:54  Siege Tank  
  149  8:59  Marine x4  
  149  9:00  Barracks Tech Lab  
  149  9:01  Liberator x2  
  153  9:03  Supply Depot  
  153  9:04  Marine x2  
  153  9:16  Siege Tank  
  160  9:20  Concussive Shells  
  162  9:26  Marine  
  162  9:27  Marauder  
  162  9:30  Marauder, Marine x2  
  169  9:36  Marine x2  
  169  9:38  Marine  
  159  9:42  Marine x2  
  159  9:43  Siege Tank  
  155  9:48  Marauder  
  155  9:52  Marauder  
  153  9:56  Marine x3  
  153  9:57  Marine x2  
  153  9:58  Barracks Tech Lab  
  157  10:03  Medivac x2  
  157  10:04  Marine x2  
  157  10:05  Siege Tank  
  157  10:06  Marine  
  167  10:09  Marauder  
  167  10:13  Marauder  
  171  10:14  Marine x4  
  171  10:20  Marine  
  171  10:21  Marauder, Marine  
  169  10:26  Marine x2  
  169  10:28  Liberator  
  159  10:31  Marauder  
  159  10:32  Siege Tank, Marine x4  
  159  10:34  Marauder  
  168  10:37  Siege Tank  
  168  10:38  Marine  
  168  10:39  Marine  
  168  10:41  Unknown x2  
  168  10:42  Marauder  
  171  10:44  Marine x2  
  176  10:50  Marine x3  
  176  10:52  Marauder  
  176  10:56  Marauder  
  175  10:57  Planetary Fortress  
  175  11:07  Marine x3  
  175  11:08  Marauder, Marine x3  
  175  11:09  Marine  
  175  11:11  Siege Tank x2  
  190  11:14  Medivac  
  192  11:18  Marine x2  
  192  11:19  Marauder, Starport  
  196  11:39  Marauder, Marine  
  196  11:40  Marine x5  
  196  11:42  Liberator, Marine x2  
  196  11:43  Marauder x2, Liberator  
  150  11:57  Marine x2  
  150  11:58  Marine x3  
  150  11:59  Siege Tank, Marine x2  
  150  12:00  Marauder, Marine  
  166  12:04  Marauder x2  
  170  12:13  Siege Tank  
  170  12:15  Marine x3, Starport Reactor  
  169  12:16  Marine  
  169  12:17  Marine x3  
  169  12:19  Marine  
  169  12:22  Marauder  
  173  12:24  Command Center  
  173  12:25  Marauder x2  
  177  12:33  Marine x2  
  177  12:36  Marine x3  
  177  12:37  Marine  
  182  12:40  Unknown x5  
  182  12:41  Unknown, Marine  
  182  12:42  Marine, Medivac  
  182  12:43  Marauder, Medivac  
  187  12:47  Marauder x2  
  187  12:51  Marine x2  
  193  12:58  Marine  
  193  12:59  Marine  
Show
View Real Time Build Order
Export as new Build Order

Stephano Zerg 

Build Orders: Hatch First 

Get SALT Encoding   

  12  0:01  Drone  
  13  0:15  Overlord  
  13  0:19  Drone  
  14  0:34  Drone x2  
  16  0:37  Drone  
  17  0:54  Hatchery  
  17  0:56  Drone  
  17  0:59  Extractor  
  17  1:00  Drone  
  17  1:14  Spawning Pool  
  17  1:17  Drone  
  17  1:22  Drone  
  18  1:31  Drone  
  19  1:42  Drone  
  20  1:53  Overlord  
  20  2:02  Queen, Metabolic Boost  
  20  2:06  Queen  
  20  2:07  Zergling x2  
  26  2:08  Zergling x2  
  26  2:24  Hatchery  
  26  2:27  Drone  
  26  2:37  Drone x2  
  28  2:41  Queen  
  30  2:44  Drone  
  30  2:48  Overlord  
  31  2:56  Drone x3  
  34  3:01  Overlord  
  34  3:04  Drone  
  35  3:14  Drone x3  
  35  3:15  Drone  
  35  3:16  Drone  
  41  3:20  Drone  
  41  3:23  Drone  
  41  3:24  Drone  
  41  3:27  Queen  
  43  3:32  Overlord  
  45  3:37  Drone  
  45  3:40  Queen, Drone  
  50  3:41  Drone  
  50  3:48  Queen  
  52  3:49  Zergling x2  
  52  3:52  Zergling x2  
  52  3:55  Zergling x2  
  52  3:56  Zergling x4  
  52  3:58  Drone  
  52  3:59  Extractor  
  52  4:01  Drone  
  52  4:02  Drone x2  
  58  4:06  Drone x2  
  58  4:08  Zergling x2  
  62  4:12  Queen  
  62  4:16  Drone x2  
  66  4:19  Overlord  
  66  4:26  Spore Crawler  
  66  4:28  Evolution Chamber x2  
  63  4:33  Spore Crawler  
  63  4:35  Overlord  
  63  4:38  Spore Crawler, Drone  
  60  4:41  Drone  
  60  4:42  Drone  
  60  4:44  Drone x2  
  64  4:45  Overlord  
  64  4:47  Overlord  
  64  4:48  Drone  
  65  4:52  Spore Crawler  
  65  4:56  Zerg Ground Armor Level 1  
  65  4:57  Queen  
  65  4:59  Drone  
  67  5:03  Zerg Missile Weapons Level 1  
  67  5:07  Zergling x4  
  67  5:08  Zergling x6  
  67  5:11  Drone x3  
  67  5:13  Extractor  
  74  5:14  Drone  
  74  5:16  Extractor  
  74  5:18  Drone  
  74  5:19  Overlord  
  75  5:23  Drone x2  
  75  5:26  Drone  
  75  5:27  Baneling Nest, Drone x2  
  79  5:29  Extractor  
  79  5:30  Extractor  
  79  5:32  Extractor, Drone  
  77  5:36  Drone  
  77  5:40  Overlord  
  78  5:46  Drone x2  
  78  5:47  Overlord  
  78  5:48  Zergling x6  
  84  5:50  Drone x2  
  85  5:57  Overlord  
  85  5:58  Drone x3  
  85  5:59  Drone  
  88  6:04  Overlord  
  88  6:05  Lair  
  88  6:08  Drone x3  
  88  6:11  Baneling x3, Drone  
  91  6:14  Drone  
  93  6:19  Drone x2  
  95  6:28  Zergling x4  
  97  6:33  Hatchery  
  97  6:37  Overlord  
  97  6:38  Overlord  
  97  6:39  Overlord  
  96  6:40  Zergling x6  
  98  6:50  Drone  
  96  6:56  Zergling x10  
  96  6:57  Zergling x2  
  102  7:03  Overlord  
  102  7:04  Centrifical Hooks  
  102  7:05  Hydralisk Den  
  102  7:07  Zerg Missile Weapons Level 2, Zerg Ground Armor Level 2  
  101  7:12  Overlord  
  101  7:16  Zergling x14  
  101  7:22  Overlord  
  108  7:23  Overlord  
  108  7:24  Zergling x6  
  108  7:25  Overseer  
  108  7:26  Pneumatized Carapace  
  110  7:33  Drone  
  111  7:37  Hydralisk  
  111  7:38  Hydralisk x5  
  111  7:40  Muscular Augments  
  111  7:43  Overseer  
  123  7:44  Hydralisk x2  
  123  7:49  Drone x3  
  123  7:50  Drone  
  131  7:53  Drone  
  132  7:59  Hydralisk x2  
  136  8:06  Hydralisk x4  
  136  8:07  Hydralisk  
  146  8:13  Hydralisk x2  
  149  8:22  Zergling x2  
  149  8:23  Zergling x16  
  149  8:26  Zergling x6  
  132  8:31  Infestation Pit  
  131  8:35  Zergling x10  
  131  8:38  Zergling x4  
  131  8:39  Zergling x2  
  139  8:44  Zergling x6  
  142  8:49  Zergling x6  
  142  8:50  Zergling x2  
  142  8:53  Extractor, Baneling x8  
  145  8:56  Zergling x4  
  145  8:57  Zergling x2  
  145  8:58  Extractor  
  145  8:59  Zergling x2  
  145  9:00  Overseer  
  148  9:06  Hydralisk x3  
  150  9:12  Baneling x5  
  150  9:13  Overlord  
  150  9:18  Zergling x12  
  150  9:19  Zergling x2  
  153  9:36  Zergling x14  
  139  9:44  Hydralisk x8  
  145  9:50  Zergling x8  
  143  9:57  Hive  
  143  9:59  Baneling x12  
  143  10:01  Hydralisk  
  145  10:12  Hydralisk  
  145  10:13  Hydralisk x4  
  155  10:15  Overseer  
  132  10:37  Drone x9  
  132  10:40  Zergling x2  
  132  10:41  Zergling x24  
  135  10:57  Zergling x18  
  144  11:12  Zerg Melee Weapons Level 1, Ultralisk Cavern  
  144  11:13  Zergling x2  
  144  11:14  Zergling x14  
  151  11:28  Overlord x2  
  151  11:30  Hatchery, Zergling x10  
  151  11:31  Baneling x3  
  151  11:32  Baneling  
  148  11:43  Zergling x2  
  148  11:44  Zergling x14  
  123  11:48  Zergling x6  
  123  11:52  Zergling x6  
  115  12:15  Ultralisk x2  
  123  12:19  Drone x5  
  128  12:30  Baneling x5  
  128  12:31  Baneling x7  
  128  12:33  Ultralisk  
  128  12:35  Baneling  
Tags
 
Add a new tag
Caveats
  • Supply blocks, unpowered buildings, or Contaminate may cause inaccurate times.
  • Supply counts are checked every 10 seconds.